 Dungeon Crawl Stone Soup version 0.31-a0-841-g038b102fc3 (webtiles) character file.

Game seed: 15266167101984820676

44 Kurtz the Chopper (level 3, -2/26 HPs)
             Began as an Octopode Fighter on Sept 27, 2023.
             Slain by an orc wizard
             ... wielding a +0 dagger
              (4 damage)
             ... on level 2 of the Dungeon.
             The game lasted 00:00:30 (964 turns).

Kurtz the Chopper (Octopode Fighter)                 Turns: 964, Time: 00:00:31

Health: -2/26      AC:  1    Str: 15    XL:     3   Next: 62%
Magic:  3/3        EV: 13    Int: 10    God:
Gold:   42         SH:  4    Dex: 13    Spells: 2/2 levels left

rFire   . . .        a - +0 war axe
rCold   . . .        b - +0 buckler
rNeg    . . .        (helmet restricted)
rPois   .            (no amulet)
rElec   .            (no ring)
rCorr   .            (no ring)
SInv    .            (no ring)
Will    +....        (no ring)
Stlth   ++           (no ring)
HPRegen 0.24/turn    (no ring)
MPRegen 0.08/turn    (no ring)
                     (no ring)

%: no passive effects
@: enlightened, flying
A: almost no armour, amphibious, 8 rings, camouflage 1, gelatinous body 1,
(nimble swimmer 1), tentacles
a: no special abilities


You were on level 2 of the Dungeon.
You visited 1 branch of the dungeon, and saw 2 of its levels.

You collected 42 gold pieces.

Inventory:

Hand Weapons
 a - a +0 war axe (weapon)
Armour
 b - a +0 buckler (worn)
Scrolls
 d - 4 scrolls of identify {unknown}
 e - a scroll of noise {unknown}
 f - a scroll of poison {unknown}
 h - a scroll of enchant armour {unknown}
 k - a scroll of teleportation {unknown}
Potions
 c - a potion of might
 i - a potion of haste {unknown}
 j - a potion of heal wounds {unknown}


   Skills:
 - Level 3.0 Fighting
 * Level 3.9 Axes
 - Level 3.0 Dodging
 - Level 3.0 Shields


You had 2 spell levels left.
You didn't know any spells.
Your spell library was empty.

Dungeon Overview and Level Annotations

Branches:
Dungeon (2/15)

Altars:


Innate Abilities, Weirdness & Mutations

You cannot wear most types of armour.
You are amphibious.
You can wear up to eight rings at the same time.
Your skin changes colour to match your surroundings (Stealth+).
Your rubbery body absorbs attacks. (AC +1, EV +1)
((You are camouflaged when in or above water. (Stealth+)))
You have tentacles for arms and can constrict up to eight enemies at once.


Message History

The orc misses you.
There are monsters nearby!
You closely miss the orc. You grab the orc.
The orc is almost dead.
You constrict the orc.
You kill the orc!
You barely miss the orc. Your grab misses the orc.
An orc comes into view. It is wielding a +0 hand axe.
Unknown command.
You slash the orc!
You kill the orc!
You barely miss something. Something hits you. x2
Unknown command.
You barely miss something. Something hits you.
You miss something. Something hits you.
You closely miss something. You squeeze something.
You hear some strange, mumbled words.
Something tries to affect you, but you resist.
Something hits you.
You are too injured to fight recklessly!
You miss something. Your squeeze misses something.
You hear some strange, mumbled words.
Something tries to affect you, but you resist.
You barely miss something. Something hits you.
You miss something. Something hits you.
* * * LOW HITPOINT WARNING * * *
Something hits you.
* * * LOW HITPOINT WARNING * * *
You are too injured to fight recklessly!
Unknown command.
You miss something. You block something's attack.
You are too injured to fight recklessly!
You closely miss something.
You hear some strange, mumbled words.
Something tries to affect you, but you resist.
Unknown command.
It was a potion of enlightenment.
You feel very buoyant.
You fly up into the air.
Something hits you.
You die...

#.########.##
#.o{@..<....#
##########.[#
... #


You could see an orc.

Vanquished Creatures
  A dart slug (D:1)
  2 orcs (D:2)
  2 ball pythons (D:1)
  2 endoplasms (D:1)
  A giant cockroach (D:1)
  6 goblins (D:1)
  4 hobgoblins (D:1)
  6 jackals (D:1)
  A kobold (D:1)
  2 quokkas (D:1)
  2 bats (D:1)
  4 rats (D:1)
33 creatures vanquished.

Notes
Turn   | Place    | Note
-------+----------+-------------------------------------------
     0 | D:1      | Kurtz the Octopode Fighter began the quest for the Orb.
     0 | D:1      | Reached XP level 1. HP: 16/16 MP: 1/1
    78 | D:1      | Reached XP level 2. HP: 17/21 MP: 2/2
   351 | D:1      | Reached XP level 3. HP: 26/26 MP: 3/3
   961 | D:2      | HP: 1/26 [something (5)]
   964 | D:2      | Slain by an orc wizard

Illustrated notes

Levels and vault maps discovered:
D:1:      wander_arrival_chamber, layout_loops_ring, hex_medium,
          nicolae_figureground_sparkle
D:2:      layout_loops_ring, hellmonk_ecumenical_altar_heavens_door,
          st_stairs_11, minmay_statues_item

Skill      XL: |  1  2 |
---------------+-------+-----
Axes           | 3 |  3.9
Fighting       | |  3.0
Dodging        | |  3.0
Shields        | |  3.0

Action                     || total
---------------------------++-------
  Melee: War axe           ||    57
         Constrict         ||    13
         Tentacles         ||     6
    Use: Potion            ||     1
   Stab: Sleeping          ||     2
         Distracted        ||     1
 Armour: Skin              ||    22
  Dodge: Dodged            ||    27
  Block: Buckler           ||    16

Table legend: (Time is in decaauts)
 A = Elapsed time spent in this place.
 B = Non-inter-level travel time spent in this place.
 C = Inter-level travel time spent in this place.
 D = Time resting spent in this place.
 E = Time spent auto-exploring this place.
 F = Levels seen in this place.
 G = Mean time per level.
                   A        B        C        D        E       F      G
               +--------+--------+--------+--------+--------+-----+--------+
         Total |    986 |    942 |     44 |     45 |    737 |   2 |  493.0 |
       Dungeon |    986 |    942 |     44 |     45 |    737 |   2 |  493.0 |
               +--------+--------+--------+--------+--------+-----+--------+

Top non-repeatable levels by time:
     D:1: 963 daAuts
     D:2: 22 daAuts
